 Dungeon Crawl Stone Soup version 0.26-a0-547-g695e311587 (webtiles) character file.

Game seed: 18027706318706981015

(classic levelgen) 46669 EnegeticOcto the Severer (level 14, -3/127 HPs)
             Began as a Deep Dwarf Fighter on Aug 20, 2020.
             Was an Elder of Makhleb.
             Drowned by a water nymph (7 damage)
             ... on level 4 of the Shoals.
             The game lasted 00:28:41 (3620 turns).

EnegeticOcto the Severer (Deep Dwarf Fighter)       Turns: 3620, Time: 00:28:41

Health: -3/127     AC: 25    Str: 23    XL:     14   Next: 5%
Magic:  6/6        EV:  6    Int: 11    God:    Makhleb [****..]
Gold:   61         SH: 12    Dex: 12    Spells: 13/13 levels left

rFire    . . .     SeeInvis +   s - +8 war axe of Dithmenos {drain, SInv}
rCold    + + .     Faith    .   c - +0 kite shield
rNeg     + . .     Spirit   .   N - +3 plate armour {MR+}
rPois    .         Reflect  .   h - +1 hat
rElec    .         Harm     .   t - +3 cloak of the Evening Star {rC++}
rCorr    .                      j - +2 pair of gloves
MR       +++..                  (no boots)
Stlth    ..........             (no amulet)
HPRegen  0.00/turn              o - +4 ring of slaying
MPRegen  0.10/turn              E - +4 ring of slaying

@: afraid, mesmerised, non-regenerating, very slow
A: damage resistance, heal wounds, negative energy resistance 1, sense
surroundings 2, no regeneration
a: Heal Wounds, Minor Destruction, Lesser Servant of Makhleb, Major Destruction,
Renounce Religion


You were on level 4 of the Shoals.
You worshipped Makhleb.
Makhleb was greatly pleased with you.
You visited 4 branches of the dungeon, and saw 20 of its levels.

You collected 1481 gold pieces.
You spent 1420 gold pieces at shops.

Inventory:

Hand Weapons
 e - a +4 scimitar of flaming
 i - a +0 broad axe
 s - the +8 war axe of Dithmenos (weapon) {drain, SInv}
   (You bought it in a shop on level 2 of the Orcish Mines)

   A truly terrible weapon, it drains the life of those it strikes.
   It lets you see invisible.
Missiles
 l - 6 curare-tipped darts (quivered)
 q - 3 throwing nets {!f}
Armour
 c - a +0 kite shield (worn)
 g - a +0 chain mail
 h - a +1 hat (worn)
 j - a +2 pair of gloves (worn)
 p - a +0 plate armour
 t - the +3 cloak of the Evening Star (worn) {rC++}
   (You bought it in a shop on level 2 of the Orcish Mines)

   It greatly protects you from cold.
 J - a +0 scale mail of cold resistance
 N - a +3 plate armour of magic resistance (worn)
Jewellery
 o - a +4 ring of slaying (left hand)
 E - a +4 ring of slaying (right hand)
Wands
 v - a wand of flame (23) {@v4}
 B - a wand of disintegration (2)
 I - a wand of paralysis (1)
 K - a wand of polymorph (9)
 L - a wand of digging (4) {@v3}
Scrolls
 a - a scroll of enchant armour
 f - a scroll of identify {@r1}
 u - a scroll of remove curse {@r2}
 w - a scroll of blinking {@r4}
 x - 2 scrolls of fog {!r}
 y - a scroll of fear {!r}
 z - 3 scrolls of teleportation {@r3 !r}
 M - a scroll of magic mapping {@r5 !r}
Potions
 d - 2 potions of might {@q3 !q}
 m - a potion of degeneration
 n - a potion of lignification {@q6}
 A - a potion of mutation
 C - 2 potions of curing {@q1 !q}
 F - a potion of magic
 G - a potion of berserk rage
 H - 2 potions of ambrosia
 O - 2 potions of brilliance
Miscellaneous
 k - a tin of tremorstones (2/3)
 D - a lightning rod (4/4)


   Skills:
 + Level 8.8 Fighting
 - Level 18.0 Axes
 + Level 8.6 Armour
 - Level 1.3 Dodging
 + Level 10.2 Shields
 - Level 10.0 Invocations
 - Level 8.0 Evocations


You had 13 spell levels left.
You didn't know any spells.
Your spell library contained the following spells:

 Spells                   Type           Power        Failure   Level
 Apportation              Tloc           #.....       100%        1
 Lesser Beckoning         Tloc           #.........   100%        3
 Tukima's Dance           Hex            #.......     100%        3
 Alistair's Intoxication  Tmut/Pois      #........    100%        5
 Invisibility             Hex            #.......     100%        6


Dungeon Overview and Level Annotations

Branches:
Dungeon (10/15)              Lair (4/6) D:10         Shoals (4/4) Lair:3
 Spider (0/4) Lair:4          Orc (2/2) D:9             Elf (0/3) Orc:2
 Temple: D:4-7

Altars:
Gozag
Makhleb
Nemelex Xobeh
Sif Muna
The Shining One

Shops:
D:10 ?   Orc:2 [([(   Shoals:3 ?

Annotations:
D:10 exclusion: oklob plant


Innate Abilities, Weirdness & Mutations

You are resistant to damage.
You can heal yourself by infusing magical energy.
You resist negative energy. (rN+)
You passively map the area around you.
You do not regenerate.


Message History

The faun shoots a stone.
You block the stone.
You hear a splash.
You block the merfolk impaler's attack.
The merfolk hits you but does no damage.
Your orange demon completely misses the merfolk impaler.
Your orange demon hits the merfolk impaler.
The merfolk impaler dies!
Makhleb accepts your kill.
The merfolk avatar chants its luring song.
You feel much better.
The faun shoots a sling bullet.
The sling bullet hits you but does no damage.
You hear a splash.
The merfolk impaler hits you but does no damage.
You block the merfolk impaler's attack. You block the merfolk's attack.
The water nymph casts a spell at you. The water swirls and strikes you!
* * * LOW HITPOINT WARNING * * *
You block the merfolk's attack. You block the merfolk impaler's attack.
The merfolk barely misses you.
The faun shoots a stone.
The stone hits you but does no damage.
You hear a splash.
The merfolk impaler hits you but does no damage.
Your hellwing misses the merfolk impaler.
Your hellwing hits the merfolk impaler.
Your orange demon stings the merfolk impaler from afar.
The merfolk impaler looks as sick as possible!
Your orange demon poisons the merfolk impaler!
Your magical contamination has completely faded away.
You feel much better.
The faun shoots a sling bullet.
You block the sling bullet.
You hear a splash.
The merfolk avatar chants a haunting song.
You resist with almost no effort. The water nymph touches you.
The water nymph drowns you!
* * * LOW HITPOINT WARNING * * *
The water nymph casts a spell at you. The water swirls and strikes you!
* * * LOW HITPOINT WARNING * * *
You block the merfolk's attack.
The merfolk impaler hits you from afar with a +3 vampiric trident!
* * * LOW HITPOINT WARNING * * *
The merfolk impaler hits you from afar with a +3 vampiric trident!
* * * LOW HITPOINT WARNING * * *
The merfolk barely misses you.
The faun shoots a stone.
The stone hits you but does no damage.
You hear a splash.
Your hellwing completely misses the merfolk impaler.
Your hellwing closely misses the merfolk impaler.
The merfolk hits you from afar with a +0 trident!
* * * LOW HITPOINT WARNING * * *
Your orange demon stings the merfolk impaler from afar!
The merfolk impaler looks as sick as possible!
Your orange demon poisons the merfolk impaler!
The merfolk avatar chants its luring song.
You feel much better.
The merfolk impaler hits you but does no damage.
The merfolk avatar chants a haunting song.
You resist with almost no effort.
The faun shoots a sling bullet.
You block the sling bullet.
You hear a splash.
The merfolk impaler hits you but does no damage.
The merfolk hits you but does no damage.
The water nymph gestures at you while chanting.
The water swirls and strikes you!
* * * LOW HITPOINT WARNING * * *
The merfolk hits you but does no damage.
Your hellwing completely misses the merfolk impaler.
Your hellwing misses the merfolk impaler.
The merfolk impaler hits you but does no damage.
You block the merfolk's attack.
Your orange demon stings the merfolk impaler from afar.
The merfolk impaler looks as sick as possible!
Your orange demon poisons the merfolk impaler!
The merfolk avatar chants its luring song.
The merfolk impaler hits you but does no damage.
Evoke which item? (* to show all) (? for menu, Esc to quit)
Really throw a tremorstone near your hellwing and orange demon?
The tremorstone explodes into fragments!
The burst of rock shards engulfs the faun!!
The burst of rock shards engulfs the merfolk avatar!!
The burst of rock shards engulfs the water nymph!!
The burst of rock shards engulfs the faun!!
The burst of rock shards engulfs the merfolk!
The burst of rock shards engulfs you.
* * * LOW HITPOINT WARNING * * *
The burst of rock shards engulfs the merfolk aquamancer!!
The burst of rock shards engulfs the merfolk aquamancer!
The burst of rock shards engulfs the merfolk avatar!!
The burst of rock shards engulfs the merfolk!
The burst of rock shards engulfs the merfolk.
The burst of rock shards engulfs the merfolk avatar!!
The burst of rock shards engulfs the merfolk!
The burst of rock shards engulfs the merfolk aquamancer!!
You kill the merfolk aquamancer!
Makhleb accepts your kill.
The burst of rock shards engulfs the faun!!
The burst of rock shards engulfs the water nymph!!
You block the merfolk's attack. x2; The water nymph touches you.
The water nymph drowns you!
You die...

≈≈≈≈≈≈≈≈≈≈≈≈≈...#≈≈#≈#
..≈* , ,
≈≈≈≈≈≈≈≈≈≈≈≈≈...#≈.≈≈##≈.
*, ,
≈≈≈≈≈≈≈≈≈≈≈≈≈...#≈≈≈≈≈≈≈.≈
, , , ≈≈ ≈
≈≈≈≈≈≈≈≈..)#.#$≈≈#≈.≈ ≈
≈≈≈≈≈≈....#†#.≈≈≈≈#
≈≈≈≈≈≈≈.....#..?≈≈# . ≈
≈≈≈≈≈≈≈.4.m(.######≈≈≈ ,
≈≈≈≈≈≈..)4≈m≈≈≈≈≈≈≈≈≈ ≈
≈≈≈≈≈...≈@mmm?m.≈≈≈≈≈≈ ,,
≈ ≈ ≈≈≈≈≈≈.cm≈≈mm≈≈..####
≈ , ≈≈ ≈≈H≈≈≈c.≈m.m....##≈
≈ *, ≈ ≈≈≈≈≈≈≈m.......##
≈≈ ≈*≈ ≈ ≈≈≈≈c≈≈≈≈).....#
*≈ ≈≈≈c≈≈≈≈≈≈≈≈≈..# ,≈ ≈
≈* ≈ ≈≈≈c≈≈≈≈≈≈≈≈≈..# ≈ ≈
≈c≈≈≈≈≈≈≈≈≈≈≈.≈# ≈* ≈
≈≈≈≈≈≈≈≈≈≈≈≈≈≈≈* ≈ ≈ ≈


You could see 2 merfolk avatars, 2 merfolk impalers, a satyr (scary), 6 merfolk,
4 fauns, 2 water nymphs, a harpy, a friendly orange demon (summoned) and a
friendly hellwing (summoned).

Vanquished Creatures
  2 merfolk javelineers
  2 merfolk impalers
  Erica (D:8)
  A merfolk avatar (Shoals:2)
  3 alligator snapping turtles
  3 death yaks
  3 merfolk aquamancers
  An orc high priest (Orc:2)
  Nergalle (D:10)
  A fire crab (Shoals:1)
  3 sea snakes
  Pikel (D:9)
  A harpy (Shoals:4)
  8 fauns
  7 orc sorcerers
  3 cyclopes (Shoals:4)
  5 manticores
  10 merfolk sirens
  3 elephants (Lair:4)
  Psyche (D:10)
  A water nymph (Shoals:4)
  A black mamba (Lair:4)
  5 cane toads
  2 rime drakes
  A troll (Orc:1)
  2 wind drakes
  15 merfolk
  Grinder (D:3)
  Prince Ribbit (D:9)
  2 dream sheep (Shoals:4)
  A snapping turtle (Shoals:3)
  A hornet (D:9)
  2 hippogriffs
  11 water elementals
  8 yaks
  A warg (Orc:1)
  A porcupine (Lair:2)
  2 water moccasins
  An ice beast (D:6)
  12 orc warriors
  7 ogres
  4 centaurs
  2 crocodiles (Lair:2)
  4 lemures
  6 bullfrogs
  A scorpion (D:9)
  A howler monkey (D:5)
  13 orc priests
  A centaur skeleton (D:9)
  A jelly (D:10)
  25 orc wizards
  An iguana (D:5)
  A worker ant (D:5)
  A hound skeleton (D:9)
  A worker ant zombie (D:5)
  6 gnolls
  2 adders
  2 white imps
  An ufetubus (D:7)
  2 worms
  4 dart slugs
  A leopard gecko (D:8)
  47 orcs
  2 ball pythons (D:5)
  3 bats
  2 giant cockroaches (D:5)
  3 goblins
  A hobgoblin (D:1)
  3 jackals (D:2)
  2 kobolds
  2 rats
  4 plants
287 creatures vanquished.

Vanquished Creatures (collateral kills)
  2 merfolk impalers
  2 hydras (Lair:2)
  A merfolk avatar (Shoals:4)
  3 death yaks (Lair:3)
  A fire crab (Shoals:1)
  A sea snake (Shoals:4)
  An orc sorcerer (Orc:2)
  2 merfolk sirens
  2 cane toads (Lair:4)
  A water elemental (Shoals:3)
  A fire bat (Shoals:1)
  2 orc warriors (Orc:2)
  An eye of draining (D:10)
  An ogre (D:10)
  2 crocodiles
  2 orc wizards (Orc:2)
  An ufetubus (D:10)
  2 orcs
  A plant (D:10)
29 creatures vanquished.

Vanquished Creatures (others)
  A giant cockroach (D:3)
  4 fungi
5 creatures vanquished.

Grand Total: 321 creatures vanquished

Notes
Turn   | Place    | Note
-------+----------+-------------------------------------------
     0 | D:1      | EnegeticOcto the Deep Dwarf Fighter began the quest for the
                  | Orb.
     0 | D:1      | Reached XP level 1. HP: 20/20 MP: 1/1
    40 | D:1      | Found a sparkling altar of Nemelex Xobeh.
    48 | D:1      | Became a worshipper of Nemelex Xobeh the Trickster
    64 | D:2      | Found a burning altar of Makhleb.
    67 | D:2      | Reached skill level 3 in Axes
    67 | D:2      | Reached XP level 2. HP: 16/27 MP: 2/2
    77 | D:2      | Fell from the grace of Nemelex Xobeh
    77 | D:2      | Became a worshipper of Makhleb the Destroyer
   152 | D:3      | Reached skill level 4 in Axes
   152 | D:3      | Reached skill level 1 in Invocations
   152 | D:3      | Reached XP level 3. HP: 33/33 MP: 2/4
   241 | D:3      | Noticed Grinder
   247 | D:3      | Paralysed by Grinder for 6 turns
   269 | D:3      | Paralysed by Grinder for 6 turns
   279 | D:3      | Killed Grinder
   279 | D:3      | Reached skill level 6 in Axes
   279 | D:3      | Reached skill level 3 in Invocations
   279 | D:3      | Reached XP level 4. HP: 28/40 MP: 4/6
   279 | D:3      | Reached XP level 5. HP: 32/46 MP: 4/7
   279 | D:3      | Reached XP level 6. HP: 38/55 MP: 4/8
   319 | D:3      | Reached skill level 4 in Invocations
   370 | D:5      | Entered Level 5 of the Dungeon
   432 | D:5      | Reached * piety under Makhleb
   486 | D:5      | Reached skill level 7 in Axes
   560 | D:5      | Reached skill level 5 in Invocations
   561 | D:5      | Reached XP level 7. HP: 30/61 MP: 10/10
   576 | D:6      | Found an opulent altar of Gozag.
   636 | D:6      | Reached skill level 8 in Axes
   638 | D:6      | Your magical essence is drained by the effort!
   658 | D:6      | Your magical essence is drained by the effort!
   666 | D:6      | Reached skill level 6 in Invocations
   808 | D:8      | Reached skill level 9 in Axes
   834 | D:8      | Noticed Erica
   840 | D:8      | Your magical essence is drained by the effort!
   845 | D:8      | Killed Erica
   845 | D:8      | Reached skill level 11 in Axes
   845 | D:8      | Reached XP level 8. HP: 66/68 MP: 9/9
   932 | D:8      | Found a shimmering blue altar of Sif Muna.
  1084 | D:9      | Found a staircase to the Orcish Mines.
  1087 | D:9      | Noticed Pikel
  1125 | D:9      | Killed Pikel
  1125 | D:9      | Reached skill level 2 in Evocations
  1125 | D:9      | Gained mutation: You passively map the area around you.
                  | [Deep Dwarf growth]
  1125 | D:9      | Reached XP level 9. HP: 60/74 MP: 10/10
  1150 | D:9      | Reached skill level 3 in Evocations
  1163 | D:9      | Reached ** piety under Makhleb
  1165 | D:9      | Reached skill level 12 in Axes
  1197 | D:9      | Reached skill level 4 in Evocations
  1197 | D:9      | Noticed Prince Ribbit
  1202 | D:9      | Reached skill level 5 in Evocations
  1211 | D:9      | Killed Prince Ribbit
  1216 | D:9      | Found a glowing golden altar of the Shining One.
  1279 | Orc:1    | Entered Level 1 of the Orcish Mines
  1295 | Orc:1    | Noticed a troll
  1302 | Orc:1    | Killed a troll
  1302 | Orc:1    | Reached skill level 6 in Evocations
  1332 | Orc:1    | Reached skill level 13 in Axes
  1351 | Orc:1    | Noticed an orc sorcerer
  1360 | Orc:1    | Noticed a smoke demon
  1362 | Orc:1    | Killed an orc sorcerer
  1362 | Orc:1    | Reached XP level 10. HP: 56/81 MP: 11/11
  1388 | Orc:1    | Your magical essence is drained by the effort!
  1399 | Orc:1    | Reached skill level 7 in Evocations
  1459 | Orc:1    | Your magical essence is drained by the effort!
  1466 | Orc:2    | Entered Level 2 of the Orcish Mines
  1493 | Orc:2    | Noticed an orc sorcerer
  1498 | Orc:2    | Noticed an orc sorcerer
  1501 | Orc:2    | Noticed a rust devil
  1508 | Orc:2    | Noticed an orange demon
  1525 | Orc:1    | Your magical essence is drained by the effort!
  1532 | Orc:1    | Your magical essence is drained by the effort!
  1536 | Orc:1    | Reached *** piety under Makhleb
  1661 | Orc:1    | Killed an orc sorcerer
  1661 | Orc:1    | Reached skill level 14 in Axes
  1661 | Orc:1    | Reached skill level 8 in Evocations
  1674 | Orc:1    | Killed an orc sorcerer
  1787 | Orc:2    | Noticed an orc high priest
  1796 | Orc:2    | Noticed a sun demon
  1810 | Orc:2    | Noticed a sun demon
  1811 | Orc:2    | Killed an orc high priest
  1811 | Orc:2    | Reached skill level 15 in Axes
  1834 | Orc:2    | Noticed an orc sorcerer
  1838 | Orc:2    | Killed an orc sorcerer
  1879 | Orc:2    | Noticed an orc sorcerer
  1883 | Orc:2    | Reached XP level 11. HP: 88/88 MP: 8/8
  1883 | Orc:2    | Killed an orc sorcerer
  1884 | Orc:2    | Noticed an orc sorcerer
  1891 | Orc:2    | Killed an orc sorcerer
  1894 | Orc:2    | Noticed an orc sorcerer
  1898 | Orc:2    | Reached skill level 16 in Axes
  1903 | Orc:2    | Killed an orc sorcerer
  1906 | Orc:2    | Found Ydunly's Armour Shop.
  1914 | Orc:2    | Found Manuegar's Antique Weapon Boutique.
  1914 | Orc:2    | Found Hegoraga's Armour Boutique.
  1917 | Orc:2    | Found Ruwig's Antique Weapon Shop.
  1924 | Orc:2    | Bought a dazzling war axe for 314 gold pieces
  1924 | Orc:2    | Identified the +8 war axe of Dithmenos {drain, SInv} (You
                  | bought it in a shop on level 2 of the Orcish Mines)
  1927 | Orc:2    | Bought the +3 cloak of the Evening Star {rC++} for 484 gold
                  | pieces
  1977 | Orc:2    | Noticed an orc sorcerer
  2012 | Orc:2    | Killed an orc sorcerer
  2043 | Orc:2    | Found a staircase to the Elven Halls.
  2079 | Orc:2    | Reached **** piety under Makhleb
  2131 | D:9      | Your magical essence is drained by the effort!
  2176 | D:10     | Entered Level 10 of the Dungeon
  2176 | D:10     | Noticed Psyche
  2181 | D:10     | Killed Psyche
  2222 | D:10     | Found Xidaag's Magic Scroll Shoppe.
  2226 | D:10     | Bought a scroll of enchant armour for 105 gold pieces
  2226 | D:10     | Bought a scroll of enchant armour for 105 gold pieces
  2226 | D:10     | Bought a scroll of fog for 28 gold pieces
  2226 | D:10     | Bought a scroll of fear for 49 gold pieces
  2226 | D:10     | Bought a scroll of identify for 28 gold pieces
  2226 | D:10     | Bought a scroll of teleportation for 42 gold pieces
  2237 | D:10     | Noticed Nergalle
  2245 | D:10     | Killed Nergalle
  2253 | D:10     | Noticed an oklob plant
  2254 | D:10     | Found a staircase to the Lair.
  2276 | Lair:1   | Entered Level 1 of the Lair of Beasts
  2320 | Lair:2   | Noticed an eight-headed hydra
  2329 | Lair:2   | Killed an eight-headed hydra
  2329 | Lair:2   | Reached skill level 17 in Axes
  2357 | Lair:2   | Noticed an eight-headed hydra
  2363 | Lair:2   | Killed an eight-headed hydra
  2437 | Lair:2   | You fall into a shaft and drop 2 floors!
  2441 | Lair:4   | Noticed a death yak
  2451 | Lair:4   | Killed a death yak
  2462 | Lair:4   | Reached skill level 18 in Axes
  2551 | Lair:4   | Reached skill level 3 in Fighting
  2571 | Lair:4   | Reached XP level 12. HP: 97/97 MP: 8/8
  2572 | Lair:4   | Reached skill level 4 in Shields
  2595 | Lair:3   | Noticed a death yak
  2598 | Lair:3   | Noticed a death yak
  2598 | Lair:3   | Noticed a death yak
  2601 | Lair:3   | Noticed a death yak
  2603 | Lair:3   | Killed a death yak
  2603 | Lair:3   | Reached skill level 7 in Invocations
  2603 | Lair:3   | Noticed a death yak
  2609 | Lair:3   | Killed a death yak
  2612 | Lair:3   | Reached skill level 4 in Fighting
  2612 | Lair:3   | Killed a death yak
  2612 | Lair:3   | Reached skill level 5 in Shields
  2614 | Lair:3   | Killed a death yak
  2618 | Lair:3   | Killed a death yak
  2618 | Lair:3   | Reached skill level 8 in Invocations
  2780 | Lair:3   | Reached skill level 5 in Fighting
  2780 | Lair:3   | Reached skill level 6 in Shields
  2786 | Lair:3   | Found a staircase to the Shoals.
  2796 | Shoals:1 | Entered Level 1 of the Shoals
  2796 | Shoals:1 | Noticed a kraken
  2816 | Shoals:1 | Reached skill level 9 in Invocations
  2870 | Shoals:1 | Reached skill level 1 in Dodging
  2903 | Shoals:2 | Noticed a merfolk javelineer
  2904 | Shoals:2 | Your magical essence is drained by the effort!
  2907 | Shoals:2 | Reached skill level 6 in Fighting
  2907 | Shoals:2 | Reached skill level 4 in Armour
  2908 | Shoals:2 | Noticed a merfolk impaler
  2908 | Shoals:2 | Killed a merfolk javelineer
  2908 | Shoals:2 | Reached skill level 7 in Shields
  2909 | Shoals:2 | Noticed a merfolk avatar
  2921 | Shoals:2 | Reached skill level 10 in Invocations
  2928 | Shoals:2 | Your magical essence is drained by the effort!
  2928 | Shoals:2 | Killed a merfolk impaler
  2928 | Shoals:2 | Reached XP level 13. HP: 49/112 MP: 10/10
  2953 | Shoals:2 | Noticed a merfolk impaler
  2968 | Shoals:2 | Killed a merfolk impaler
  2968 | Shoals:2 | Reached skill level 5 in Armour
  2979 | Shoals:2 | Your magical essence is drained by the effort!
  3069 | Shoals:3 | Reached skill level 8 in Shields
  3078 | Shoals:3 | Reached skill level 7 in Fighting
  3089 | Shoals:3 | Reached skill level 6 in Armour
  3115 | Shoals:3 | Found Xypilep's Magic Scroll Shop.
  3165 | Shoals:3 | Bought a scroll of magic mapping for 66 gold pieces
  3165 | Shoals:3 | Bought a scroll of teleportation for 57 gold pieces
  3165 | Shoals:3 | Bought a scroll of blinking for 142 gold pieces
  3172 | Shoals:4 | Entered Level 4 of the Shoals
  3273 | Shoals:4 | Reached skill level 9 in Shields
  3303 | Shoals:4 | Reached skill level 7 in Armour
  3342 | Shoals:4 | Noticed a merfolk javelineer
  3365 | Shoals:4 | Killed a merfolk javelineer
  3365 | Shoals:4 | Reached skill level 8 in Fighting
  3386 | Shoals:4 | Noticed a merfolk impaler
  3398 | Shoals:4 | Killed a merfolk impaler
  3438 | Shoals:4 | Reached skill level 8 in Armour
  3475 | Shoals:4 | Your magical essence is drained by the effort!
  3484 | Shoals:4 | Reached skill level 10 in Shields
  3587 | Shoals:4 | Noticed a merfolk impaler
  3589 | Shoals:4 | Noticed a merfolk impaler
  3591 | Shoals:4 | Gained mutation: You resist negative energy. (rN+) [Deep
                  | Dwarf growth]
  3591 | Shoals:4 | Reached XP level 14. HP: 98/127 MP: 9/9
  3606 | Shoals:4 | Your magical essence is drained by the effort!
  3615 | Shoals:4 | Your magical essence is drained by the effort!
  3616 | Shoals:4 | Your magical essence is drained by the effort!
  3616 | Shoals:4 | HP: 5/127 [drowned by a water nymph (9)]
  3620 | Shoals:4 | Drowned by a water nymph

Illustrated notes

Levels and vault maps discovered:
D:1:      roderic_chinese_lattice_arrival, layout_rooms,
          nemelex_xobeh_ov_fountains_minmay
D:2:      layout_rooms, old_standard_altar,
          chequers_ecumenical_altar_simple_redux
D:3:      layout_basic, cheibriados_altar_1, elyvilon_altar_1, uniq_grinder
D:4:      layout_loops_ring, grunt_temple_overflow_opulence, uniq_ijyb,
          uniq_eustachio
D:5:      layout_cave_pools, uniq_duvessa
D:6:      layout_cave_pools, chequers_temple_overflow_statue_of_worship,
          minmay_temple_entry_enclosed_plants, grunt_gozag_statues
D:7:      layout_rooms, basic_altar, serial_corexii_hall,
          chequers_hall_statues_corner_a, corexii_hall_statues_i,
          corexii_hall_statues_x, corexii_hall_statues_x
D:8:      layout_loops_ring, basic_altar, serial_shops, shop, uniq_erica
D:9:      layout_cave_pools, lemuel_round_altar, orc_0_dummy, uniq_pikel,
          uniq_prince_ribbit1
D:10:     layout_roguey, dpeg_oklobed_lair, serial_shops, nicolae_shop_trees,
          shop, nicolae_shop_behind_doors, nicolae_shop_stone,
          kennysheep_mini_moat, uniq_nergalle, uniq_fannar, uniq_psyche
Lair:1:   cheibrodos_lair_river_kwai, layout_layer_cave
Lair:2:   layout_gridlike, chequers_serial_rivers_micro_a
Lair:3:   regret_index_bee_streams, layout_regular_city,
          elwin_shoals_entry_stream, fungi_pond_lemuel
Lair:4:   layout_loops_ring, nicolae_spider_entry_non_spiders, minmay_holes,
          beast_lair_carwin_5
Shoals:1: layout_shoals, hangedman_shoal_volcano, uniq_roxanne, uniq_louise,
          uniq_kirke
Shoals:2: layout_shoals, serial_shops, nicolae_shop_waterfront,
          nicolae_shoals_flooded_hall
Shoals:3: layout_shoals, serial_shops, nicolae_shop_waterfront
Shoals:4: shoals_end_hangedman, layout_shoals
Orc:1:    layout_caves
Orc:2:    st_orc_mages, layout_caves, guppyfry_library_mini

Skill      XL: |  1  2  3  4  5  6  7  8  9 10 11 12 13 |
---------------+----------------------------------------+-----
Axes           | 3 4 6 7 11 13 15 18 | 18.0
Invocations    | 1 3 5 6 10 | 10.0
Evocations     | 2 6 8 |  8.0
Fighting       | 3 6 8 |  8.8
Shields        | 7 10 | 10.2
Dodging        | 1 |  1.3
Armour         | 4 8 |  8.6

Action                   |  1- 3 |  4- 6 |  7- 9 | 10-12 | 13-15 || total
-------------------------+-------+-------+-------+-------+-------++-------
Melee: War axe           |    58 |    95 |    85 |   175 |   194 ||   607
       Unarmed           |    14 |       |       |       |       ||    14
       Broad axe         |       |       |    96 |   158 |       ||   254
Throw: Dart              |       |       |     6 |     3 |       ||     9
Invok: Lesser Servant of |       |       |       |    19 |     8 ||    27
 Abil: Heal Wounds       |     6 |     1 |    13 |    25 |    26 ||    71
Evoke: Tin of tremorston |       |       |       |     6 |     1 ||     7
       Wand              |       |       |       |     3 |    28 ||    31
  Use: Scroll            |       |       |     8 |     9 |     3 ||    20
       Potion            |       |       |       |       |     1 ||     1
 Stab: Distracted        |       |       |       |     4 |     8 ||    12
       Paralysed         |       |       |       |       |     3 ||     3
Armor: Scale mail        |    15 |       |       |       |       ||    15
       Chain mail        |    23 |    62 |    99 |     6 |       ||   190
       Plate armour      |       |       |       |   223 |   147 ||   370
Dodge: Dodged            |    45 |    27 |    68 |    50 |    43 ||   233
Block: Kite shield       |    22 |    61 |   118 |   191 |   122 ||   514

Table legend: (Time is in decaauts)
 A = Elapsed time spent in this place.
 B = Non-inter-level travel time spent in this place.
 C = Inter-level travel time spent in this place.
 D = Time resting spent in this place.
 E = Time spent auto-exploring this place.
 F = Levels seen in this place.
 G = Mean time per level.
                   A        B        C        D        E       F      G
               +--------+--------+--------+--------+--------+-----+--------+
         Total |   3687 |   3561 |    126 |      0 |      0 |  20 |  184.4 |
       Dungeon |   1503 |   1426 |     77 |      0 |      0 |  10 |  150.3 |
          Lair |    503 |    489 |     14 |      0 |      0 |   4 |  125.8 |
        Shoals |    846 |    846 |      0 |      0 |      0 |   4 |  211.5 |
  Orcish Mines |    834 |    799 |     35 |      0 |      0 |   2 |  417.0 |
               +--------+--------+--------+--------+--------+-----+--------+

Top non-repeatable levels by time:
   Orc:2: 461 daAuts
Shoals:4: 454 daAuts
   Orc:1: 372 daAuts
     D:8: 316 daAuts
  Lair:2: 257 daAuts
     D:3: 248 daAuts
     D:9: 244 daAuts
     D:5: 212 daAuts
Shoals:3: 199 daAuts
  Lair:4: 136 daAuts
     D:7: 121 daAuts
     D:6: 115 daAuts
Shoals:1: 101 daAuts
  Lair:3: 101 daAuts
    D:10: 94 daAuts
